 BcadrenCrawl: Boulder Brew version 0.04-3-g5ec7fb31a4 (webtiles) character file.

Game seed: 11457497821614712077, levelgen mode: deterministic

97 Chiseanne the Ducker (level 5, 30/36 HPs) Goblin Demonspawn. Began on Mar 22, 2021. Quit the game on level 1 of the Dungeon. The game lasted 00:01:18 (597 turns).

Chiseanne the Ducker (Goblin Demonspawn)             Turns: 597, Time: 00:01:18

Health: 30/36      AC:  7    Str:  8    XL:     5 ^: 130
Magic:  6/6        EV: 12    Int:  6    God:
Gold:   82         SH:  5    Dex:  6    Spells: 7/8 levels left

rFire    . . .     Vision   .   a - +0 long sword
rCold    . . .     Gourm    .   c - +0 heater shield {AC+3}
rNeg     . . .     Faith    .   b - +0 leather armour
rPois    .         Spirit   +   (helmet restricted)
rElec    .         Reflect  .   h - +0 cloak
rCorr    .         Harm     .   (no gloves)
MR       .....                  (no boots)
Stlth    +.........             (no amulet)
HPRegen  0.22/turn              (no ring)
MPRegen  0.16/turn              (no ring)

@: no status effects
A: small, stagnant stats, goblin's greed, antennae 1, low mp 1, mutation
resistance 1, magic shield, sanguine armour 1, god's pity 2
a: no special abilities


You were on level 1 of the Dungeon.
You were not hungry.

You visited 1 branch of the dungeon, and saw 1 of its levels.

You collected 67 gold pieces.

Inventory:

Weapons
 a - a +0 long sword (weapon)
 g - a +1 whip of venom
 w - a +0 hunting sling Shields
 c - a +0 heater shield of protection (shield)
Armour
 b - a +0 leather armour (worn)
 h - a +0 cloak (worn)
Jewellery
 f - an uncursed ring of stealth
Scrolls
 e - 2 scrolls of magic mapping
Comestibles
 d - 3 rations


   Skills:
 * Level 3.3 Fighting
 - Level 2.6 Long Blades
 * Level 5.1 Dodging
 - Level 2.6 Stealth
 * Level 1.0 Shields
 * Level 2.3 Spellcasting
 - Level 2.6 Fire Magic
   Level 4.0 Invocations


You had 7 spell levels left.
You knew the following spells:

 Your Spells              Type           Power        Failure   Level  Hunger
a - Flame Tongue          Fire           3 (30)       69%         1    ##.....

Your spell library contained the following spells:

 Spells                   Type           Power        Failure   Level  Hunger
 Conjure Flame            Fire           3 (100)      96%         3    ####...
 Blink                    Tloc           N/A          99%         2    ###....
 Call Imp                 Summ           0 (100)      99%         2    ###....
 Slow                     Hex            0 (100)      99%         2    ###....
 Mephitic Cloud           Pois/Air       0 (100)      100%        3    ####...


Dungeon Overview and Level Annotations

Branches:
Dungeon (1/8)

Altars:


Innate Abilities, Weirdness & Mutations

Your stats never grow through leveling.
Your goblin ancestry allows you to find more gold. (+20%)
You are small and have problems with some larger weapons.
You have a pair of small antennae on your head.
Your magical capacity is low. (-10% MP)
You are somewhat resistant to further mutation.
When hurt, damage is shared between your health and your magic reserves.
When seriously injured, your bleeding wounds create armour. (AC +0)
The pity of the gods increases the power of your passive and invoked divine abilities.


Message History

You block the hobgoblin's attack.
The hobgoblin hits you but does no damage.
You block the kobold's attack.
You closely miss the kobold. The hobgoblin barely misses you (0).
You riposte.
You barely miss the hobgoblin. The hobgoblin closely misses you (0).
The giant cockroach closely misses you (0).
The kobold barely misses you (0).
The hobgoblin closely misses you (0). x2
You hit the kobold (5).
You kill the kobold!
You block the giant cockroach's attack.
The hobgoblin hits you but does no damage. x2
You block the giant cockroach's attack.
You slash the giant cockroach (12)!
You kill the giant cockroach!
Your Shields skill increases to level 1!
You have reached level 5!
Your demonic ancestry asserts itself...
A pair of antennae grows on your head!
The hobgoblin closely misses you (0). x2
Are you sure you want to abandon this character and quit the game? (Confirm with "yes".)

#..≈>≈....†.......
#..#≈#.†..........
###.[#........#.....
#...........###.....
#.#.........# #.....
#.#.##.########.....
#.#.##... #......
##.#.#.#######
#..]...
#....†@g.....#
#......
####.#†g.......
###.... #.#...$.....
###.... # #.........
#.'.... #.........
#.#.... ..........
#.#.... #...?.....
#.#.... ##########
#.#.... #.#....


You could see 2 hobgoblins.

Vanquished Creatures
  4 giant cockroaches (D:1)
  An ooze (D:1)
  A dart slug (D:1)
  A leopard gecko (D:1)
  3 bats (D:1)
  5 goblins (D:1)
  5 hobgoblins (D:1)
  6 kobolds (D:1)
  5 rats (D:1)
31 creatures vanquished.

Notes
Turn   | Place    | Note
-------+----------+-------------------------------------------
     0 | D:1      | Chiseanne the Goblin Demonspawn began the quest for the
                  | Orb.
     0 | D:1      | Reached XP level 1. HP: 13/13 MP: 2/2
    15 | D:1      | Gained mutation: When seriously injured, your bleeding
                  | wounds create armour. (AC +0) [demonic ancestry]
    15 | D:1      | Reached XP level 2. HP: 19/19 MP: 3/3
    40 | D:1      | Gained mutation: When hurt, damage is shared between your
                  | health and your magic reserves. [demonic ancestry]
    40 | D:1      | Reached XP level 3. HP: 25/25 MP: 4/4
    72 | D:1      | Reached XP level 4. HP: 29/31 MP: 5/5
   282 | D:1      | Reached skill level 5 in Dodging
   596 | D:1      | Reached skill level 1 in Shields
   596 | D:1      | Gained mutation: You have a pair of small antennae on your
                  | head. [demonic ancestry]
   596 | D:1      | Reached XP level 5. HP: 30/36 MP: 6/6
   597 | D:1      | Quit the game

Levels and vault maps discovered:
D:1:      noname_arrival_rooms_in_the_neighbourhood, layout_basic, first_ration

Skill      XL: |  1  2  3  4 |
---------------+-------------+-----
Fighting       | 2 3 |  3.3
Spellcasting   | 2 |  2.3
Dodging        | 5 |  5.1
Shields        | 1 |  1.0
Long Blades    | |  2.6
Stealth        | |  2.6
Fire Magic     | |  2.6
Invocations    | |  4.0

Action                   |  1- 3 |  4- 6 || total
-------------------------+-------+-------++-------
Melee: Long sword        |    27 |    47 ||    74
       Unarmed           |    18 |     2 ||    20
 Stab: Sleeping          |       |     1 ||     1
Armor: Leather armour    |     8 |    19 ||    27
Dodge: Dodged            |    27 |    66 ||    93
Block: Heater shield     |       |    22 ||    22
       Rpst.: Long sword |     9 |    24 ||    33
